 Dungeon Crawl Stone Soup version 0.31-a0-152-g6aa68a64a1 (webtiles) character file.

Game seed: 7047701665678019920

205 qw the Shooter (level 5, -1/49 HPs)
             Began as a Naga Hunter on June 9, 2023.
             Slain by a phantom (4 damage)
             ... on level 4 of the Dungeon.
             The game lasted 00:00:56 (2432 turns).

qw the Shooter (Naga Hunter)                        Turns: 2432, Time: 00:00:57

Health: -1/49      AC:  4    Str: 14    XL:     5   Next: 83%
Magic:  5/5        EV:  9    Int:  9    God:
Gold:   237        SH:  0    Dex: 16    Spells: 4/4 levels left

rFire   . . .        Y - +0 orcbow
rCold   . . .        (shield currently unavailable)
rNeg    . . .        c - +0 leather armour
rPois   +            (no helmet)
rElec   .            i - +0 cloak
rCorr   .            (no gloves)
SInv    +            (no barding)
Will    .....        (no amulet)
Stlth   ++           (no ring)
HPRegen 0.28/turn    (no ring)
MPRegen 0.09/turn

%: no passive effects
@: short of breath, very slow
A: AC +1, large, see invisible, deformed body, poison resistance, slowness 2,
spit poison 1, naga tail 1
a: Spit Poison


You were on level 4 of the Dungeon.
You visited 1 branch of the dungeon, and saw 4 of its levels.

You collected 237 gold pieces.


Innate Abilities, Weirdness & Mutations

Your serpentine skin is tough. (AC +1)
You have supernaturally acute eyesight. (SInv)
Armour fits poorly on your strangely shaped body.
Your system is resistant to poisons. (rPois)
You cover ground very slowly.
You can spit poison.
You have a snake-like lower body.


   Skills:
 - Level 3.3 Fighting
 + Level 5.7 Ranged Weapons
 - Level 1.5 Dodging
 - Level 1.5 Stealth


You had 4 spell levels left.
You didn't know any spells.
Your spell library was empty.

Inventory:

Hand Weapons
 Y - a +0 orcbow (weapon)
Armour
 c - a +0 leather armour (worn)
 i - a +0 cloak (worn)
Scrolls
 b - a scroll of identify
 d - a scroll of immolation {unknown}
Potions
 a - a potion of magic {unknown}
 f - a potion of resistance {unknown}
 g - a potion of enlightenment {unknown}

Dungeon Overview and Level Annotations

Branches:
Dungeon (4/15)
 Temple: D:4-7

Altars:
Gozag
Nemelex Xobeh
Vehumet


Message History

The sleepcap closely misses you.
You shoot an arrow. The arrow hits the sleepcap.
The sleepcap is almost destroyed.
The sleepcap releases spores at you!
You are engulfed in a cloud of soporific spores!
You fall asleep.
The sleepcap releases spores at you!
You wake up.
You shoot an arrow. The arrow hits the sleepcap!
You destroy the sleepcap!
2424 ||| INVOKING Spit Poison.
Aiming: Spit Poison (1% risk of failure)
Press: ? - help, Shift-Dir - straight line, f - iguana The splash of poison hits the iguana!
The iguana is poisoned.
You kill the iguana!
You shoot an arrow. The arrow barely misses the phantom.
The arrow closely misses the goblin.
The arrow barely misses the adder.
You shoot an arrow. The arrow hits the phantom.
The phantom is lightly damaged.
The phantom hits you!
The phantom blinks!
You blink.
The phantom hits you but does no damage.
You shoot an arrow. The arrow misses the phantom.
The phantom barely misses you.
You shoot an arrow. The arrow barely misses the phantom.
You have got your breath back.
The phantom hits you.
You shoot an arrow. The arrow barely misses the phantom.
The phantom hits you.
The phantom blinks!
You blink.
You shoot an arrow. The arrow closely misses the phantom.
The arrow closely misses the goblin.
The arrow closely misses the adder.
The phantom hits you.
The phantom blinks!
You blink.
The phantom hits you but does no damage.
Enter note: You shoot an arrow.
The arrow closely misses the phantom.
The phantom hits you.
The phantom blinks!
You blink.
Enter note:
2432 ||| INVOKING Spit Poison.
Aiming: Spit Poison (1% risk of failure)
Press: ? - help, Shift-Dir - straight line, f - adder, p - phantom The splash of poison misses the adder.
The phantom hits you.
You die...

....#...).#####.....#
....##... ##...##
....###. ##¤## ....#
# #.# ....# #.# ....#
#g# ....# ##.## #...#
##...## #...#
#+##W@S¤.# #...#
........$..# #...#
.#####.....# #...#
##...##
#...################
..##..........#
..##...........
..##..........[
..##...........


You could see a phantom, an adder and a goblin.

Vanquished Creatures
  Jessica (D:3)
  An iguana (D:4)
  A sleepcap (D:4)
  A gnoll (D:4)
  3 adders
  2 worms
  4 dart slugs
  2 orcs (D:3)
  4 ball pythons
  3 bats
  6 endoplasms
  2 giant cockroaches
  9 goblins
  8 hobgoblins
  7 jackals
  5 kobolds
  3 quokkas
  A frilled lizard (D:1)
  8 rats
71 creatures vanquished.

Notes
Turn   | Place    | Note
-------+----------+-------------------------------------------
     0 | D:1      | qw the Naga Hunter began the quest for the Orb.
     0 | D:1      | Reached XP level 1. HP: 19/19 MP: 1/1
     0 | D:1      | 0 ||| qw: Version: 0.2-a-122-gbc61b45
     0 | D:1      | 0 ||| qw: Game counter: 3422
     0 | D:1      | 0 ||| qw: Always use a shield: true
     0 | D:1      | 0 ||| qw: God list: Okawaru
     0 | D:1      | 0 ||| qw: Allow faded altars: false
     0 | D:1      | 0 ||| qw: Do Orc after D:15 true
     0 | D:1      | 0 ||| qw: Do second Lair branch before Depths: true
     0 | D:1      | 0 ||| qw: Lair rune preference: random
     0 | D:1      | 0 ||| qw: Plans: Normal
     0 | D:1      | 0 ||| PLANNING D:1-11
   116 | D:1      | 116 ||| INVOKING Spit Poison.
   146 | D:1      | 146 ||| INVOKING Spit Poison.
   155 | D:1      | 155 ||| INVOKING Spit Poison.
   160 | D:1      | 160 ||| INVOKING Spit Poison.
   161 | D:1      | 161 ||| INVOKING Spit Poison.
   165 | D:1      | 165 ||| INVOKING Spit Poison.
   168 | D:1      | Reached skill level 4 in Ranged Weapons
   168 | D:1      | Reached XP level 2. HP: 9/26 MP: 2/2
   244 | D:1      | 244 ||| INVOKING Spit Poison.
   250 | D:1      | 250 ||| INVOKING Spit Poison.
   266 | D:1      | 266 ||| INVOKING Spit Poison.
   527 | D:1      | 527 ||| INVOKING Spit Poison.
   606 | D:1      | 606 ||| INVOKING Spit Poison.
   837 | D:1      | 837 ||| UPGRADING to +0 cloak.
   842 | D:1      | 842 ||| READING scroll labelled EREATTEC GOQO.
   843 | D:1      | 843 ||| DROPPING scroll of butterflies.
   855 | D:2      | 855 ||| INVOKING Spit Poison.
   860 | D:2      | 860 ||| INVOKING Spit Poison.
   861 | D:2      | Reached XP level 3. HP: 32/32 MP: 3/3
   882 | D:2      | 882 ||| INVOKING Spit Poison.
   902 | D:2      | 902 ||| INVOKING Spit Poison.
   916 | D:2      | 916 ||| INVOKING Spit Poison.
   919 | D:2      | 919 ||| INVOKING Spit Poison.
   978 | D:2      | 978 ||| INVOKING Spit Poison.
   991 | D:2      | 991 ||| INVOKING Spit Poison.
  1054 | D:2      | 1054 ||| INVOKING Spit Poison.
  1061 | D:2      | 1061 ||| INVOKING Spit Poison.
  1171 | D:2      | 1171 ||| INVOKING Spit Poison.
  1177 | D:2      | 1177 ||| INVOKING Spit Poison.
  1231 | D:2      | 1231 ||| INVOKING Spit Poison.
  1233 | D:2      | 1233 ||| Stepping ~*~*~tactically~*~*~ (outnumbered).
  1278 | D:2      | 1278 ||| INVOKING Spit Poison.
  1346 | D:2      | Reached skill level 5 in Ranged Weapons
  1346 | D:2      | Reached XP level 4. HP: 39/39 MP: 4/4
  1349 | D:2      | 1349 ||| INVOKING Spit Poison.
  1414 | D:2      | 1414 ||| READING 2 scrolls labelled LAIRYA NEYRHYMP.
  1415 | D:2      | 1415 ||| READING 2 scrolls of identify.
  1415 | D:2      | 1415 ||| IDENTIFYING lumpy blue potion
  1416 | D:2      | 1416 ||| DROPPING scroll of fear.
  1417 | D:2      | 1417 ||| DROPPING potion of berserk rage.
  1506 | D:3      | 1506 ||| INVOKING Spit Poison.
  1526 | D:3      | 1526 ||| INVOKING Spit Poison.
  1529 | D:3      | 1529 ||| INVOKING Spit Poison.
  1535 | D:3      | 1535 ||| INVOKING Spit Poison.
  1539 | D:3      | 1539 ||| INVOKING Spit Poison.
  1564 | D:3      | 1564 ||| INVOKING Spit Poison.
  1570 | D:3      | 1570 ||| INVOKING Spit Poison.
  1573 | D:3      | Found a radiant altar of Vehumet.
  1575 | D:3      | 1575 ||| INVOKING Spit Poison.
  1659 | D:3      | 1659 ||| INVOKING Spit Poison.
  1660 | D:3      | 1660 ||| INVOKING Spit Poison.
  1663 | D:3      | 1663 ||| INVOKING Spit Poison.
  1669 | D:3      | 1669 ||| INVOKING Spit Poison.
  1673 | D:3      | 1673 ||| INVOKING Spit Poison.
  1679 | D:3      | 1679 ||| INVOKING Spit Poison.
  1881 | D:3      | 1881 ||| INVOKING Spit Poison.
  1887 | D:3      | 1887 ||| DRINKING 2 viscous green potions.
  1889 | D:3      | 1889 ||| INVOKING Spit Poison.
  1896 | D:3      | 1896 ||| INVOKING Spit Poison.
  1987 | D:3      | Noticed Jessica
  1988 | D:3      | 1988 ||| INVOKING Spit Poison.
  1988 | D:3      | Killed Jessica
  1989 | D:3      | Reached skill level 3 in Fighting
  1989 | D:3      | Reached XP level 5. HP: 49/49 MP: 5/5
  2025 | D:3      | Found a sparkling altar of Nemelex Xobeh.
  2025 | D:3      | Found an opulent altar of Gozag.
  2026 | D:3      | 2026 ||| INVOKING Spit Poison.
  2027 | D:3      | 2027 ||| INVOKING Spit Poison.
  2095 | D:3      | 2095 ||| INVOKING Spit Poison.
  2099 | D:3      | 2099 ||| INVOKING Spit Poison.
  2105 | D:3      | Found a faded altar of an unknown god.
  2149 | D:3      | 2149 ||| SWAPPING to +0 orcbow.
  2150 | D:3      | 2150 ||| DROPPING +0 shortbow.
  2248 | D:3      | 2248 ||| READING scroll labelled AFRINNELIU.
  2253 | D:3      | 2253 ||| READING scroll labelled WERAX RUT.
  2254 | D:3      | 2254 ||| DRINKING 2 blue potions.
  2255 | D:3      | 2255 ||| DROPPING potion of lignification.
  2256 | D:3      | 2256 ||| DROPPING potion of brilliance.
  2349 | D:4      | 2349 ||| INVOKING Spit Poison.
  2354 | D:4      | 2354 ||| INVOKING Spit Poison.
  2386 | D:4      | 2386 ||| INVOKING Spit Poison.
  2388 | D:4      | 2388 ||| Stepping ~*~*~tactically~*~*~ (outnumbered).
  2390 | D:4      | 2390 ||| INVOKING Spit Poison.
  2401 | D:4      | 2401 ||| INVOKING Spit Poison.
  2411 | D:4      | Noticed a phantom
  2413 | D:4      | 2413 ||| INVOKING Spit Poison.
  2424 | D:4      | 2424 ||| INVOKING Spit Poison.
  2428 | D:4      | HP: 10/49 [phantom (4)]
  2431 | D:4      | HP: 3/49 [phantom (6)]
  2432 | D:4      | 2432 ||| INVOKING Spit Poison.
  2432 | D:4      | Slain by a phantom

Levels and vault maps discovered:
D:1:      minmay_arrival_split_and_join, layout_basic,
          chequers_serial_rivers_micro_b
D:2:      layout_rooms, minmay_tree_intersection, hangedman_decor_slide_cut,
          patterned_corridor
D:3:      layout_basic, grunt_temple_overflow_opulence,
          mainiacjoe_overflow_24_doors, serial_glass, glass_columns_c,
          glass_columns_a, basic_ecumenical_altar, minmay_goblin_outpost,
          uniq_jessica
D:4:      minmay_octagon_keep, layout_basic, kennysheep_slug_shrine,
          xom_butterflies, chequers_big_river

Skill      XL: |  1  2  3  4 |
---------------+-------------+-----
Ranged Weapons | 4 5 |  5.7
Fighting       | 3 |  3.3
Dodging        | |  1.5
Stealth        | |  1.5

Action                     |  1- 3 |  4- 6 || total
---------------------------+-------+-------++-------
   Fire: Shortbow          |    71 |    60 ||   131
         Orcbow            |       |    34 ||    34
Ability: Spit Poison       |    24 |    29 ||    53
    Use: Scroll            |     1 |     4 ||     5
         Potion            |       |     2 ||     2
 Armour: Leather armour    |     5 |    15 ||    20
         Skin              |       |     1 ||     1
  Dodge: Dodged            |    19 |    31 ||    50

Table legend:
 A = Non-vault XP
 B = Vault XP
 C = Vault XP percentage of total XP
 D = Non-vault monster count
 E = Vault monster count
 F = Vault count percentage of total count
                 A         B        C        D         E       F
            +---------+---------+-------+---------+---------+-------
      Total |     149 |     145 |  49.3 |      57 |      14 |  19.7
            +---------+---------+-------+---------+---------+-------
        D:1 |      31 |       0 |   0.0 |      17 |       0 |   0.0
        D:2 |      53 |       0 |   0.0 |      16 |       0 |   0.0
        D:3 |      47 |      53 |  53.0 |      21 |       9 |  30.0
        D:4 |      18 |      92 |  83.6 |       3 |       5 |  62.5
            +---------+---------+-------+---------+---------+-------
